 Dungeon Crawl Stone Soup version 0.26.0-90-g5fd8617961 (webtiles) character file.

Game seed: 4295313661166104959

2942 Gadfly the Chucker (level 9, -1/86 (88) HPs)
             Began as an Ogre Gladiator on Feb 3, 2021.
             Was a Follower of Okawaru.
             Slain by a hell rat (11 damage)
             ... on level 8 of the Dungeon.
             The game lasted 00:16:41 (12066 turns).

Gadfly the Chucker (Ogre Gladiator)                Turns: 12066, Time: 00:16:42

HP:   -1/86 (88)    AC:  5    Str: 23    XL:     9   Next: 80%
MP:   13/13         EV: 10    Int:  9    God:    Okawaru [*.....]
Gold: 696           SH:  0    Dex: 10    Spells: 3/8 levels left

rFire    . . .     SeeInvis .   b - +2 spear (venom)
rCold    . . .     Faith    .   (no shield)
rNeg     . . .     Spirit   .   o - +0 robe
rPois    .         Reflect  .   c - +1 hat
rElec    .         Harm     .   l - +0 cloak
rCorr    +         Rampage  .   (gloves unavailable)
Will     .....                  (boots unavailable)
Stlth    +.........             (no amulet)
HPRegen  0.24/turn              A - ring of resist corrosion
MPRegen  0.13/turn              (no ring)

@: lightly drained
A: large, unfitting armour, antennae 1, tough skin 1, wild magic 1, sturdy frame
1
a: Renounce Religion, Heroism


You were on level 8 of the Dungeon.
You worshipped Okawaru.
Okawaru was aware of your devotion.
You visited 2 branches of the dungeon, and saw 9 of its levels.

You collected 1599 gold pieces.
You spent 903 gold pieces at shops.

Inventory:

Hand Weapons
 a - a +2 morningstar of protection
 b - a +2 spear of venom (weapon)
 s - a +1 flail of protection
 w - a +0 giant club
Missiles
 d - 3 throwing nets
 g - 24 poisoned darts
 z - 10 boomerangs (quivered)
Armour
 c - a +1 hat (worn)
 l - a +0 cloak (worn)
 o - a +0 robe (worn)
Jewellery
 p - an uncursed ring of ice
 A - a ring of resist corrosion (left hand)
Wands
 m - a wand of polymorph (3)
Scrolls
 h - a scroll of holy word
 i - 3 scrolls of teleportation
 j - a scroll of enchant armour
 k - 2 scrolls of remove curse
 t - a scroll of identify
 y - a scroll of fog
Potions
 f - 2 potions of flight
 n - a potion of berserk rage
 q - 2 potions of might
 r - 3 potions of haste
 u - 4 potions of curing
 v - 2 potions of cancellation
 x - 3 potions of attraction


   Skills:
 + Level 5.2 Fighting
 * Level 5.7 Maces & Flails
 * Level 5.8 Throwing
 * Level 4.9 Armour
 - Level 2.6 Dodging
 + Level 5.3 Invocations
 * Level 5.0 Evocations


You had 3 spell levels left.
You knew the following spells:

 Your Spells              Type           Power        Failure   Level
a - Passwall              Tmut/Erth      0%           61%         2
b - Conjure Flame         Conj/Fire      0%           83%         3

Your spell library contained the following spells:

 Spells                   Type           Power        Failure   Level
 Foxfire                  Conj/Fire      0%           47%         1
 Sandblast                Erth           0%           47%         1
 Inner Flame              Hex/Fire       0%           83%         3
 Stone Arrow              Conj/Erth      0%           83%         3
 Petrify                  Tmut/Erth      0%           99%         4
 Sticky Flame             Conj/Fire      0%           99%         4
 Fireball                 Conj/Fire      0%           100%        5
 Lee's Rapid Deconstruct  Erth           0%           100%        5


Dungeon Overview and Level Annotations

Branches:
Dungeon (8/15)             Temple (1/1) D:7            Lair (0/6) D:8

Altars:
Ashenzari
Cheibriados
Dithmenos
Fedhas
Gozag
Hepliaklqana
Kikubaaqudgha
Makhleb
Nemelex Xobeh
Okawaru
Qazlal
Ru
Sif Muna
Trog
Uskayaw
Vehumet
Wu Jian
Xom
The Shining One

Shops:
D:4 !(*((   D:7 }


Innate Abilities, Weirdness & Mutations

You are too large for most types of armour.
You have tough skin. (AC +1)
You have a pair of small antennae on your head.
Your spells are a little harder to cast, but a little more powerful.
Your movements are slightly less encumbered by armour. (ER -2)


Message History

Okay, then.
The hell rat barely misses you. The hell rat bites you!
* * * LOW HITPOINT WARNING * * *
The hell rat bites you.
* * * LOW HITPOINT WARNING * * *
A hell rat comes into view.
The hell rat bites you.
* * * LOW HITPOINT WARNING * * *
You feel drained.
* * * LOW HITPOINT WARNING * * *
A hell rat comes into view.
The death yak bellows!
You hear a bellow!
A death yak comes into view.
The death yak moves out of view.
The hell rat bites you!
* * * LOW HITPOINT WARNING * * *
There is a stone staircase leading up here.
The hell rat bites you!
You die...

.###................# #..#......
# ##..........Y....####.........
####............###..............
...............## #..............
...........Y[...###.....†........
..........##.#....##............
#.......#.#...###.####..........
......<##.##..##...).#.......##.
<......#..##...#@.............#
....)..........rr...####.....#..
#.........#.#.....### ...#.##..
......####r.# ......
...#..##..r.# r......# ..
.#.......##...... ..
.####............. #...
##......r...r.#
#...###...#####......


You could see a hell rat, 2 quokkas and a rat.

Vanquished Creatures
  Sigmund (D:2)
  2 orc warriors
  3 sky beasts
  2 ice beasts
  2 ogres (D:6)
  A necrophage (Temple)
  2 phantoms
  6 bullfrogs
  A gnoll sergeant (D:6)
  3 scorpions (D:6)
  A wight (D:7)
  4 hounds
  6 orc priests
  3 orc wizards
  3 bullfrog skeletons
  2 centaur skeletons
  Ijyb (D:2)
  6 iguanas
  4 worker ants
  A worker ant zombie (D:6)
  4 gnolls
  A howler monkey skeleton (D:6)
  7 adders
  A white imp (D:6)
  An ufetubus (D:6)
  2 oozes (D:7)
  An adder zombie (D:6)
  3 adder skeletons
  3 worms
  5 dart slugs
  4 leopard geckos
  27 orcs
  A ball python (D:7)
  8 giant cockroaches
  8 goblins
  5 hobgoblins
  A quokka (D:6)
  6 bats
  4 frilled lizards
  8 kobolds
  10 rats
  A rat zombie (D:7)
165 creatures vanquished.

Vanquished Creatures (others)
  38 fungi (D:4)
38 creatures vanquished.

Grand Total: 203 creatures vanquished

Notes
Turn   | Place    | Note
-------+----------+-------------------------------------------
     0 | D:1      | Gadfly the Ogre Gladiator began the quest for the Orb.
     0 | D:1      | Reached XP level 1. HP: 22/22 MP: 1/1
   245 | D:1      | Reached XP level 2. HP: 15/29 MP: 2/2
   480 | D:1      | Reached skill level 1 in Invocations
   628 | D:1      | Reached XP level 3. HP: 36/36 MP: 3/3
   654 | D:1      | Reached skill level 1 in Evocations
   723 | D:1      | Reached skill level 1 in Armour
  1522 | D:2      | Reached XP level 4. HP: 37/44 MP: 5/5
  1610 | D:2      | Noticed Sigmund
  1644 | D:2      | Killed Sigmund
  1645 | D:2      | Reached XP level 5. HP: 29/50 MP: 5/7
  1922 | D:2      | Reached XP level 6. HP: 51/59 MP: 8/8
  2114 | D:3      | Noticed Ijyb
  2258 | D:2      | Killed Ijyb
  3081 | D:3      | Found a blossoming altar of Fedhas.
  3106 | D:3      | Found a shimmering blue altar of Sif Muna.
  3109 | D:3      | Found a shadowy altar of Dithmenos.
  3114 | D:3      | Found a burning altar of Makhleb.
  3187 | D:3      | Reached XP level 7. HP: 53/66 MP: 9/9
  3836 | D:4      | Found Foub's Antique Weapon Shop.
  3856 | D:4      | Found Rezilladu's General Store.
  3868 | D:4      | Found Erphoadym's Antique Weapon Shoppe.
  3932 | D:4      | Bought a runed morningstar for 217 gold pieces
  3961 | D:4      | Found Waeniz's Antique Weapon Emporium.
  4010 | D:4      | Bought a potion of haste for 140 gold pieces
  4059 | D:4      | Found Racw's Distillery.
  4603 | D:5      | Entered Level 5 of the Dungeon
  4660 | D:5      | Found a shadowy altar of Dithmenos.
  5306 | D:5      | Reached XP level 8. HP: 49/75 MP: 11/11
  5653 | D:5      | Identified a scroll of acquirement
  5654 | D:5      | Acquired 979 gold pieces
  5733 | D:4      | Bought a potion of heal wounds for 65 gold pieces
  5733 | D:4      | Bought 2 potions of heal wounds for 130 gold pieces
  5733 | D:4      | Bought 2 potions of cancellation for 208 gold pieces
  6627 | D:6      | Gained mutation: You can translocate small distances at
                  | will. [potion of mutation]
  6627 | D:6      | Gained mutation: You have a beak for a mouth. [potion of
                  | mutation]
  7383 | D:6      | Found a sacrificial altar of Ru.
  7728 | D:6      | Reached XP level 9. HP: 21/85 MP: 12/12
  8100 | D:6      | HP: 4/85 [poisoned by a gnoll]
  8893 | D:6      | Reached skill level 5 in Maces & Flails
  9151 | D:7      | Reached skill level 5 in Throwing
  9271 | D:4      | Bought a potion of curing for 39 gold pieces
  9271 | D:4      | Bought a potion of curing for 39 gold pieces
  9271 | D:4      | Bought a potion of heal wounds for 65 gold pieces
  9373 | D:7      | Found a staircase to the Ecumenical Temple.
  9392 | Temple   | Entered the Ecumenical Temple
  9786 | Temple   | Became a worshipper of Warmaster Okawaru
 10434 | D:7      | Reached skill level 5 in Invocations
 10965 | D:7      | Found Ukhlawosh's Gadget Shop.
 11003 | D:7      | Reached skill level 5 in Fighting
 11008 | D:7      | Reached * piety under Okawaru
 11374 | D:7      | Found a hazy altar of Hepliaklqana.
 11486 | D:7      | Found an ancient bone altar of Kikubaaqudgha.
 11488 | D:7      | Lost mutation: You have a beak for a mouth. [potion of
                  | mutation]
 11488 | D:7      | Lost mutation: You can translocate small distances at will.
                  | [potion of mutation]
 11488 | D:7      | Gained mutation: You are dopey. (Int -2) [potion of
                  | mutation]
 11488 | D:7      | Gained mutation: Your flesh is cold resistant. (rC+)
                  | [potion of mutation]
 11489 | D:7      | Lost mutation: You are dopey. (Int -2) [potion of mutation]
 11489 | D:7      | Lost mutation: Your flesh is cold resistant. (rC+) [potion
                  | of mutation]
 11489 | D:7      | Gained mutation: You have a pair of small antennae on your
                  | head. [potion of mutation]
 11489 | D:7      | Gained mutation: Your movements are slightly less
                  | encumbered by armour. (ER -2) [potion of mutation]
 11489 | D:7      | Gained mutation: Your spells are a little harder to cast,
                  | but a little more powerful. [potion of mutation]
 11598 | D:8      | Learned a level 2 spell: Passwall
 11602 | D:8      | Learned a level 3 spell: Conjure Flame
 11828 | D:8      | Reached skill level 5 in Evocations
 12024 | D:8      | Noticed a death yak
 12045 | D:8      | Noticed a death yak
 12049 | D:8      | Found a staircase to the Lair.
 12063 | D:8      | Noticed a death yak
 12066 | D:8      | Slain by a hell rat

Illustrated notes

Levels and vault maps discovered:
D:1:      wander_arrival_fairy_ring, layout_basic
D:2:      layout_rooms, uniq_sigmund
D:3:      layout_rooms, fedhas_ov_isle_minmay, grunt_temple_overflow_diamond,
          minmay_bisected, uniq_ijyb
D:4:      layout_loops_ring, serial_aquarium, aquarium_bridge_long_joined
          [aquarium_subvault_wall, aquarium_subvault_wall,
          aquarium_subvault_bridge, aquarium_subvault_window,
          aquarium_subvault_balcony, aquarium_subvault_wall],
          aquarium_bridge_island_large [aquarium_subvault_large_open,
          aquarium_subvault_wall, aquarium_subvault_bridge,
          aquarium_subvault_wall, aquarium_subvault_bridge],
          aquarium_window_fake, aquarium_window_double,
          aquarium_window_corridor_1, aquarium_window_corner, aquarium_view_2d,
          aquarium_view_2d, aquarium_balcony_3b, aquarium_pool_corner,
          serial_shops, nicolae_shop_crystal, nicolae_shop_waterfront,
          nicolae_shop_overgrown_old_shop, kennysheep_mini_moat, shop_coins
D:5:      layout_loops_cross, basic_altar
D:6:      layout_basic, nicolae_ru_the_path_less_chosen
D:7:      layout_rooms, nzn_hepliaklqana_mist_gate,
          lemuel_zombie_altar_kikubaaqudgha, minmay_temple_entry_ruins,
          serial_shops, nicolae_shop_trees, minivault_1
D:8:      layout_cave_pools, dpeg_lair_monsters, gammafunk_ghost_spectres
Temple:   hc_temple_tempest_star

Skill      XL: |  1  2  3  4  5  6  7  8  9 |
---------------+----------------------------+-----
Invocations    | 1 2 3 4 5 |  5.3
Evocations     | 1 2 3 4 5 |  5.0
Armour         | 1 2 3 4 |  4.9
Maces & Flails | 3 4 5 |  5.7
Throwing       | 3 4 5 |  5.8
Fighting       | 3 4 5 |  5.2
Dodging        | |  2.6

Action                   |  1- 3 |  4- 6 |  7- 9 || total
-------------------------+-------+-------+-------++-------
Melee: Flail             |    94 |   133 |    29 ||   256
       Morningstar       |       |       |   310 ||   310
       Peck              |       |       |    31 ||    31
       Spear             |       |       |    86 ||    86
Throw: Stone             |    36 |    10 |     1 ||    47
       Dart              |       |    15 |       ||    15
       Boomerang         |       |       |    28 ||    28
  Use: Scroll            |     3 |     5 |    15 ||    23
       Potion            |       |       |    10 ||    10
 Stab: Sleeping          |       |       |     2 ||     2
Armor: Robe              |    29 |    54 |   204 ||   287
       Skin              |       |    10 |       ||    10
Dodge: Dodged            |    90 |    87 |   236 ||   413
